 Dungeon Crawl Stone Soup version 0.21.0-25-ge575cb9 (webtiles) character file.

8838 Moloch the Arsonist (level 11, -10/66 HPs)
             Began as an Octopode Wizard on Jan 24, 2018.
             Was a High Priest of Vehumet.
             Mangled by a yak (12 damage)
             ... on level 10 of the Dungeon.
             The game lasted 00:49:14 (13816 turns).

Moloch the Arsonist (Octopode Wizard)              Turns: 13816, Time: 00:49:15

Health: -10/66     AC:  2    Str:  9      XL:     11   Next: 37%
Magic:  33/34      EV: 13    Int: 24      God:    Vehumet [*****.]
Gold:   520        SH:  0    Dex:  9 (11) Spells: 13/30 levels left

rFire    + . .     SeeInvis .   k - +1 halberd
rCold    . . .     Gourm    .   (shield currently unavailable)
rNeg     . . .     Faith    .   a - +1 hat
rPois    .         Spirit   .   C - amulet of regeneration
rElec    .         Reflect  .   h - ring of wizardry
rCorr    .         Harm     .   l - +3 ring of strength
MR       .....                  p - +2 ring of slaying
Stlth    +++.......             r - ring of magical power
HPRegen  0.61/turn              (no ring)
MPRegen  0.24/turn              E - ring of protection from fire
                                (no ring)
                                (no ring)

@: no status effects
A: almost no armour, stealthy swim, amphibious, 8 rings, constrict 8, camouflage
1, gelatinous body 1
a: Renounce Religion


You were on level 10 of the Dungeon.
You worshipped Vehumet.
Vehumet was extremely pleased with you.
You were very hungry.

You visited 1 branch of the dungeon, and saw 10 of its levels.
You also visited: Ossuary and Bailey.

You collected 520 gold pieces.

Inventory:

Hand Weapons
 k - a +1 halberd (weapon)
 s - a +2 short sword of venom
Missiles
 u - 11 curare-tipped needles
 A - 11 poisoned needles
Armour
 a - a +1 hat (worn)
Jewellery
 h - a ring of wizardry (left tentacle)
 l - a +3 ring of strength (right tentacle)
 p - a +2 ring of slaying (on tentacle)
 r - a ring of magical power (on tentacle)
 C - an amulet of regeneration (around mantle)
 E - a ring of protection from fire (on tentacle)
Wands
 K - a wand of flame (26)
Scrolls
 f - 4 scrolls of enchant armour
 m - 2 scrolls of teleportation
 o - a scroll of amnesia {unknown}
 q - 5 scrolls of enchant weapon
 y - 3 scrolls of immolation {unknown}
 z - a scroll of random uselessness {unknown}
 B - a scroll of blinking {unknown}
 F - a scroll of fear {unknown}
 G - a scroll of acquirement {unknown}
 H - 4 scrolls of identify
 J - a scroll of remove curse {unknown}
 L - a scroll of holy word {unknown}
Potions
 d - 3 potions of heal wounds
 e - a potion of resistance {unknown}
 g - a potion of mutation
 i - 4 potions of might
 j - 3 potions of haste
 n - 4 potions of magic
 t - 5 potions of curing
 v - 2 potions of lignification
 w - a potion of brilliance
 x - 4 potions of flight
 D - a potion of cancellation {unknown}
Books
 b - a book of Minor Magic

   Spells                             Type                      Level
   a - Magic Dart                     Conjuration                  1
   b - Blink                          Translocation                2
   c - Call Imp                       Summoning                    2
   d - Slow                           Hexes                        2
   e - Conjure Flame                  Conjuration/Fire             3
   f - Mephitic Cloud                 Conjuration/Poison/Air       3
 I - a book of Battle

   Spells                             Type                      Level
   a - Infusion                       Charms                       1
   b - Shroud of Golubria             Charms/Translocation         2
   c - Song of Slaying                Charms                       2
   d - Spectral Weapon                Hexes/Charms                 3
   e - Regeneration                   Charms/Necromancy            3
Comestibles
 c - 16 rations


   Skills:
 * Level 2.6 Fighting
 - Level 2.2 Dodging
 - Level 2.6 Stealth
 * Level 10.2 Spellcasting
 * Level 8.6 Conjurations
 - Level 1.0 Summonings
 - Level 1.0 Translocations
 * Level 10.3 Fire Magic


You had 13 spell levels left.
You knew the following spells:

 Your Spells              Type           Power        Failure   Level  Hunger
a - Magic Dart            Conj           ####         1%          1    None
b - Blink                 Tloc           N/A          1%          2    None
c - Call Imp              Summ           ###.....     1%          2    None
d - Mephitic Cloud        Conj/Pois/Air  ####....     1%          3    None
e - Conjure Flame         Conj/Fire      ######..     1%          3    None
f - Sting                 Conj/Pois      ####         1%          1    None
g - Throw Flame           Conj/Fire      ######       1%          2    None
h - Regeneration          Chrm/Necr      ##........   6%          3    None


Dungeon Overview and Level Annotations

Branches:
Dungeon (10/15)            Temple (0/1) D:6
   Lair: D:8-11         Orc: D:9-12

Altars:
Ashenzari
Cheibriados
Dithmenos
Gozag
Hepliaklqana
Kikubaaqudgha
Trog
Vehumet
Yredelemnul
The Shining One

Shops:
D:5 *

Portals:
Trove: D:10 (give 7 scrolls of blinking)

Annotations:
D:3 Robin
D:8 Erica
D:9 Qupu's ghost, novice FeCK
D:10 Urug


Innate Abilities, Weirdness & Mutations

You cannot wear most types of armour.
You are very stealthy in the water. (Stealth+)
You are amphibious.
You can wear up to eight rings at the same time.
You can use your tentacles to constrict eight enemies at once.
Your skin changes colour to match your surroundings (Stealth+).
Your rubbery body absorbs attacks. (AC +1, EV +1)


Message History

* * * LOW HITPOINT WARNING * * *
Your surroundings suddenly seem different.
A yak comes into view.
The yak bellows!
A yak comes into view.
The yak bellows!
A yak comes into view.
The yak bellows!
A yak comes into view.
The yak bellows!
You hear an angry hiss.
The yak gores you!
* * * LOW HITPOINT WARNING * * *
A yak comes into view.
The yak bellows!
Found a ration.
Unknown command.
Unknown command.
Your skin stops crawling.
The yak gores you!
You die...

#.# #.#
#.# ..#
#.# #>#
### #.#
#.. #.#
#.# #[#
########.#
####
.)..)....#
#..#
########.#
#@######.
#.#
#.Y......
.)#
#YY######
#.# #Y.#
#.# .Y.#
#.# ##%#
#.# .# .#
##


You could see 5 yaks.

Vanquished Creatures
  Erolcha (D:9)
  2 two-headed ogres
  2 orc knights (Bailey)
  Grinder (D:3)
  Sigmund (D:6)
  Eustachio (D:6)
  A water moccasin (D:9)
  14 orc warriors
  5 sky beasts
  A necrophage (D:8)
  2 ogres
  3 phantoms
  2 ice beasts
  2 centaurs
  6 bullfrogs
  A gnoll sergeant (D:9)
  3 scorpions
  13 wights
  2 vampire bats (D:5)
  2 centaur zombies (Ossuary)
  4 crimson imps
  2 quasits (D:9)
  3 centaur skeletons
  3 jellies
  A human zombie (Ossuary)
  10 orc priests
  6 hounds
  3 iguanas
  An iron imp (D:8)
  Terence (D:3)
  7 orc wizards
  2 worker ants (D:6)
  A big kobold zombie (Ossuary)
  A hound zombie (D:5)
  2 hound skeletons
  A howler monkey zombie (D:4)
  2 worker ant zombies
  3 howler monkey skeletons
  11 gnolls
  8 adders
  3 adder zombies
  An adder skeleton (D:4)
  6 worms
  2 dart slugs (D:1)
  8 leopard geckos
  64 orcs
  A ball python (D:1)
  6 bats
  4 bat skeletons (D:5)
  2 bat zombies (D:5)
  5 giant cockroaches
  24 goblins
  21 hobgoblins
  4 jackals (D:8)
  6 quokkas
  6 frilled lizards
  3 goblin zombies (Ossuary)
  7 hobgoblin zombies (Ossuary)
  A jackal skeleton (D:6)
  6 kobolds
  10 kobold zombies (Ossuary)
  A leopard gecko zombie (D:6)
  6 orc zombies (Ossuary)
  A quokka zombie (D:6)
  7 rats
  A spectral orc (D:8)
343 creatures vanquished.

Vanquished Creatures (collateral kills)
  A phantom (D:4)
  The ghost of Lejonmanen the Magician, an amateur DEWz of Sif Muna (D:3)
  An elf zombie (Ossuary)
  A big kobold zombie (Ossuary)
  2 mummies (Ossuary)
  A gnoll (D:1)
  An adder (D:2)
  A frilled lizard (D:3)
  A jackal zombie (Ossuary)
  An orc zombie (Ossuary)
11 creatures vanquished.

Grand Total: 354 creatures vanquished

Notes
Turn   | Place    | Note
-------+----------+-------------------------------------------
     0 | D:1      | Moloch the Octopode Wizard began the quest for the Orb.
     0 | D:1      | Reached XP level 1. HP: 11/11 MP: 4/4
   138 | D:1      | Reached XP level 2. HP: 12/17 MP: 0/6
   142 | D:1      | Learned a level 2 spell: Blink
   145 | D:1      | Learned a level 2 spell: Call Imp
   770 | D:2      | Reached XP level 3. HP: 21/21 MP: 2/8
   776 | D:2      | Learned a level 3 spell: Mephitic Cloud
   862 | D:2      | Found a shattered altar of Ashenzari.
  1142 | D:2      | Found a radiant altar of Vehumet.
  1361 | D:2      | Reached XP level 4. HP: 27/27 MP: 2/10
  1429 | D:2      | Learned a level 3 spell: Conjure Flame
  1765 | D:2      | Found a bloodstained altar of Trog.
  1767 | D:2      | Found a shadowy altar of Dithmenos.
  2017 | D:3      | Noticed Terence
  2028 | D:3      | Killed Terence
  2028 | D:3      | Reached XP level 5. HP: 31/31 MP: 1/11
  2398 | D:3      | Found a hazy altar of Hepliaklqana.
  2462 | D:3      | Noticed Grinder
  2473 | D:3      | Noticed Lejonmanen's ghost (amateur DEWz)
  2810 | D:2      | Became a worshipper of Vehumet
  2941 | D:3      | Noticed Robin
  3105 | D:3      | Found a glowing golden altar of the Shining One.
  3177 | D:3      | Killed Lejonmanen's ghost
  3323 | D:3      | Paralysed by Grinder for 2 turns
  3340 | D:3      | Paralysed by Grinder for 4 turns
  3347 | D:3      | Killed Grinder
  3347 | D:3      | Reached skill level 5 in Spellcasting
  3347 | D:3      | Reached XP level 6. HP: 32/36 MP: 1/13
  3586 | D:4      | Noticed a phantom
  3611 | D:4      | Killed a phantom
  3872 | D:4      | Found a sand-covered staircase.
  3880 | Ossuary  | Entered an ossuary
  3890 | Ossuary  | Reached XP level 7. HP: 41/41 MP: 15/15
  3960 | Ossuary  | Reached * piety under Vehumet
  3960 | Ossuary  | Offered knowledge of Sting by Vehumet.
  4001 | Ossuary  | Learned a level 1 spell: Sting
  4174 | Ossuary  | Reached skill level 1 in Fire Magic
  4204 | Ossuary  | Offered knowledge of Searing Ray by Vehumet.
  4206 | Ossuary  | Reached ** piety under Vehumet
  4247 | Ossuary  | Reached skill level 5 in Conjurations
  4936 | D:4      | Found an opulent altar of Gozag.
  5024 | D:5      | Entered Level 5 of the Dungeon
  5211 | D:5      | Found Lunaenn's General Store.
  5621 | D:5      | Reached XP level 8. HP: 46/46 MP: 17/17
  6202 | D:5      | Offered knowledge of Throw Flame by Vehumet.
  6206 | D:5      | Learned a level 2 spell: Throw Flame
  6225 | D:5      | Found an ancient bone altar of Kikubaaqudgha.
  6622 | D:6      | Reached *** piety under Vehumet
  6719 | D:6      | Noticed Eustachio
  6725 | D:6      | Killed Eustachio
  6725 | D:6      | Reached skill level 5 in Fire Magic
  7193 | D:6      | Found a staircase to the Ecumenical Temple.
  7413 | D:6      | Reached XP level 9. HP: 49/51 MP: 19/19
  7464 | D:6      | Noticed Sigmund
  7492 | D:6      | Killed Sigmund
  7492 | D:6      | Offered knowledge of Inner Flame by Vehumet.
  8388 | D:7      | Found a flagged portal.
  8401 | Bailey   | Entered a bailey
  8560 | Bailey   | Reached **** piety under Vehumet
  8660 | Bailey   | Offered knowledge of Iskenderun's Mystic Blast by Vehumet.
  8841 | Bailey   | Noticed an orc knight
  8927 | Bailey   | Killed an orc knight
  9072 | Bailey   | Noticed an orc knight
  9126 | Bailey   | Killed an orc knight
  9126 | Bailey   | Reached XP level 10. HP: 56/56 MP: 14/22
  9179 | Bailey   | Noticed an orc warlord
  9461 | D:7      | Reached ***** piety under Vehumet
  9524 | D:7      | Offered knowledge of Yara's Violent Unravelling by Vehumet.
 10018 | D:8      | Found a basalt altar of Yredelemnul.
 10479 | D:8      | Noticed a two-headed ogre
 10485 | D:8      | Noticed Erica
 10865 | D:8      | Found a snail-covered altar of Cheibriados.
 10948 | D:8      | Killed a two-headed ogre
 10948 | D:8      | Reached skill level 1 in Fighting
 11045 | D:9      | Noticed Qupu's ghost (novice FeCK)
 11677 | D:9      | Noticed Erolcha
 11699 | D:9      | Killed Erolcha
 11699 | D:9      | Reached skill level 10 in Fire Magic
 11699 | D:9      | Reached XP level 11. HP: 64/64 MP: 21/24
 11956 | D:9      | Noticed a two-headed ogre
 11966 | D:9      | Killed a two-headed ogre
 11966 | D:9      | Reached skill level 10 in Spellcasting
 13175 | D:10     | Entered Level 10 of the Dungeon
 13522 | D:10     | Noticed Urug
 13528 | D:10     | Learned a level 3 spell: Regeneration
 13794 | D:10     | Found a shadowy altar of Dithmenos.
 13808 | D:10     | Found a portal to a secret trove of treasure.
 13815 | D:10     | HP: 1/66 [yak (9)]
 13816 | D:10     | Mangled by a yak

Skill      XL: |  1  2  3  4  5  6  7  8  9 10 11 |
---------------+----------------------------------+-----
Spellcasting   | 4 5 6 8 9 10 | 10.2
Conjurations   | 2 4 5 6 8 |  8.6
Fire Magic     | 1 6 9 10 | 10.3
Fighting       | 2 |  2.6
Dodging        | |  2.2
Stealth        | |  2.6
Summonings     | |  1.0
Translocations | |  1.0

Action                   |  1- 3 |  4- 6 |  7- 9 | 10-12 || total
-------------------------+-------+-------+-------+-------++-------
Melee: Unarmed           |    26 |       |       |       ||    26
       Constrict         |    11 |     8 |    24 |    10 ||    53
       Tentacles         |     6 |     4 |    11 |     3 ||    24
       Halberd           |     8 |    58 |   162 |    71 ||   299
 Cast: Magic Dart        |    61 |    80 |   327 |    17 ||   485
       Call Imp          |     2 |    32 |    34 |    30 ||    98
       Mephitic Cloud    |     3 |    10 |    54 |    32 ||    99
       Conjure Flame     |       |     1 |     5 |     6 ||    12
       Throw Flame       |       |       |    46 |   288 ||   334
       Blink             |       |       |     2 |     8 ||    10
       Sting             |       |       |       |     1 ||     1
       Regeneration      |       |       |       |     1 ||     1
  Use: Scroll            |       |       |    12 |     1 ||    13
 Stab: Sleeping          |       |     1 |     3 |     2 ||     6
       Confused          |       |     1 |     9 |     6 ||    16
       Distracted        |       |       |     1 |       ||     1
  Eat: Chunk             |     2 |     7 |     7 |    10 ||    26
       Ration            |       |       |     3 |     1 ||     4
Armor: Skin              |     7 |     2 |     3 |    18 ||    30
Dodge: Dodged            |    36 |    24 |    95 |    78 ||   233
